| TOP OF THE 1ST |
|
Connecticut Tigers batting - Pitching for Aberdeen Ironbirds : LHP Jason Williams
|
|
Pitching: LHP Jason Williams
|
|
|
Batting: RHB Jose Evangelista
|
0-0: Ball 1-0: Ground out U3 (Groundball, 23, EV 84.4 MPH)
|
|
Batting: RHB Tony Soto
|
0-0: Ball 1-0: Swinging Strike 1-1: Called Strike 1-2: Ball 2-2: Foul Ball, location: 2F 2-2: Foul Ball, location: 2F 2-2: Ball 3-2: Ground out 6-3 (Groundball, 6S, EV 88.1 MPH)
|
|
Batting: SHB Shohei Fujii
|
0-0: Ball 1-0: Called Strike 1-1: Foul Ball, location: 2F 1-2: Ball 2-2: Strikes out swinging
|
| Top of the 1st over - 0 runs, 0 hits, 0 errors, 0 left on base; Connecticut 0 - Aberdeen 0 |
| BOTTOM OF THE 1ST |
|
Aberdeen Ironbirds batting - Pitching for Connecticut Tigers : RHP Juan Cornejo
|
|
Pitching: RHP Juan Cornejo
|
|
|
Batting: LHB Miguel Medina
|
0-0: Ball 1-0: Swinging Strike 1-1: Ball 2-1: Ball 3-1: Foul Ball, location: 2F 3-2: Foul Ball, location: 2F 3-2: Foul Ball, location: 2F 3-2: Strikes out swinging
|
|
Batting: RHB Tony Godley
|
0-0: Called Strike 0-1: Ball 1-1: Called Strike 1-2: Foul Ball, location: 2F 1-2: Ball 2-2: Foul Ball, location: 2F 2-2: Strikes out looking
|
|
Batting: LHB Adam Oldfield
|
0-0: Ball 1-0: Called Strike 1-1: Called Strike 1-2: Ball 2-2: Ball 3-2: Strikes out swinging
|
| Bottom of the 1st over - 0 runs, 0 hits, 0 errors, 0 left on base; Connecticut 0 - Aberdeen 0 |
| TOP OF THE 2ND |
|
Connecticut Tigers batting - Pitching for Aberdeen Ironbirds : LHP Jason Williams
|
|
Batting: LHB Jon Frederick
|
0-0: Called Strike 0-1: Ball 1-1: Foul Ball, location: 2F 1-2: Foul Ball, location: 2F 1-2: Ball 2-2: Ball 3-2: Foul Ball, location: 2F 3-2: Foul Ball, location: 2F 3-2: Base on Balls
|
|
Batting: RHB Tony Murray
|
0-0: Reached on error, E1 (Groundball, 13S, EV 64.4 MPH) Jon Frederick to second
|
|
Batting: RHB Jeremiah Washington
|
0-0: Ball 1-0: Foul Ball, location: 2F 1-1: Fielders Choice at 2nd, 6-4 (Groundball, 6M, EV 88.8 MPH) Jon Frederick to third
|
|
Batting: RHB Kevin Steed
|
0-0: Hit by Pitch Jeremiah Washington to second
|
|
Batting: LHB Glen Boyle
|
0-0: Called Strike 0-1: Ball 1-1: Ball 2-1: Swinging Strike 2-2: Foul Ball, location: 2F 2-2: Strikes out swinging
|
|
Batting: RHB Norm Wood
|
0-0: Foul Ball, location: 2F 0-1: Fly out, F9 (Flyball, 9, EV 79.4 MPH)
|
| Top of the 2nd over - 0 runs, 0 hits, 1 error, 3 left on base; Connecticut 0 - Aberdeen 0 |
| BOTTOM OF THE 2ND |
|
Aberdeen Ironbirds batting - Pitching for Connecticut Tigers : RHP Juan Cornejo
|
|
Batting: RHB Daniel Jackson
|
0-0: Foul Ball, location: 2F 0-1: Ball 1-1: Swinging Strike 1-2: Ball 2-2: Ground out 4-3 (Groundball, 4, EV 105.6 MPH)
|
|
Batting: RHB Ray Sims
|
0-0: Called Strike 0-1: Foul Ball, location: 2F 0-2: Ball 1-2: Strikes out swinging
|
|
Batting: RHB Hunter Neumann
|
0-0: Ground out 5-3 (Groundball, 56S, EV 85.6 MPH)
|
| Bottom of the 2nd over - 0 runs, 0 hits, 0 errors, 0 left on base; Connecticut 0 - Aberdeen 0 |
| TOP OF THE 3RD |
|
Connecticut Tigers batting - Pitching for Aberdeen Ironbirds : LHP Jason Williams
|
|
Batting: RHB Jose Evangelista
|
0-0: Called Strike 0-1: Called Strike 0-2: Ball 1-2: Ball 2-2: Strikes out looking
|
|
Batting: RHB Tony Soto
|
0-0: Ball 1-0: Ball 2-0: Fly out, F4 (Popup, 4S, EV 74.4 MPH)
|
|
Batting: SHB Shohei Fujii
|
0-0: Called Strike 0-1: Ball 1-1: Foul Ball, location: 2F 1-2: Ground out 6-3 (Groundball, 6, EV 104.4 MPH)
|
| Top of the 3rd over - 0 runs, 0 hits, 0 errors, 0 left on base; Connecticut 0 - Aberdeen 0 |
| BOTTOM OF THE 3RD |
|
Aberdeen Ironbirds batting - Pitching for Connecticut Tigers : RHP Juan Cornejo
|
|
Batting: LHB Shane Cruse
|
0-0: Ball 1-0: Foul Ball, location: 2F 1-1: Foul Ball, location: 2F 1-2: Strikes out swinging, 2-3 out at first.
|
|
Batting: RHB Matt Berrier
|
0-0: Swinging Strike 0-1: Ball 1-1: Ball 2-1: Foul Ball, location: 2F 2-2: Strikes out swinging
|
|
Batting: RHB Honório Szenes
|
0-0: Called Strike 0-1: Ball 1-1: Foul Ball, location: 2F 1-2: Ball 2-2: Ball 3-2: Base on Balls
|
|
Batting: LHB Miguel Medina
|
0-0: Ball Honório Szenes steals 2nd base 1-0: Swinging Strike 1-1: Ground out 6-3 (Groundball, 6M, EV 98.8 MPH)
|
| Bottom of the 3rd over - 0 runs, 0 hits, 0 errors, 1 left on base; Connecticut 0 - Aberdeen 0 |
| TOP OF THE 4TH |
|
Connecticut Tigers batting - Pitching for Aberdeen Ironbirds : LHP Jason Williams
|
|
Batting: LHB Jon Frederick
|
0-0: Ball 1-0: Foul Ball, location: 2F 1-1: Ball 2-1: Swinging Strike 2-2: Ball 3-2: SINGLE (Line Drive, 4MD, EV 99.4 MPH)
|
|
Batting: RHB Tony Murray
|
0-0: SINGLE (Line Drive, 9S, EV 89.4 MPH) Jon Frederick to second Throwing error, E9 Jon Frederick scores Tony Murray to second
|
|
Batting: RHB Jeremiah Washington
|
0-0: Called Strike 0-1: Foul Ball, location: 2F 0-2: Strikes out swinging
|
|
Batting: RHB Kevin Steed
|
0-0: Foul Ball, location: 2F 0-1: Foul Ball, location: 2F 0-2: Ball 1-2: Ball 2-2: Ball 3-2: SINGLE (Groundball, 56, EV 98.1 MPH) Tony Murray to third
|
|
Batting: LHB Glen Boyle
|
0-0: Swinging Strike 0-1: Ball 1-1: Ball 2-1: Fly out, F9 (Flyball, 9LD, EV 96.2 MPH)
|
|
Batting: RHB Norm Wood
|
0-0: Ball 1-0: Ball 2-0: Called Strike 2-1: Foul Ball, location: 2F 2-2: Strikes out swinging
|
| Top of the 4th over - 1 run, 3 hits, 1 error, 2 left on base; Connecticut 1 - Aberdeen 0 |
| BOTTOM OF THE 4TH |
|
Aberdeen Ironbirds batting - Pitching for Connecticut Tigers : RHP Juan Cornejo
|
|
Batting: RHB Tony Godley
|
0-0: Ball 1-0: Ball 2-0: Called Strike 2-1: Fly out, F7 (Flyball, 7S, EV 93.8 MPH)
|
|
Batting: LHB Adam Oldfield
|
0-0: Ball 1-0: Called Strike 1-1: Swinging Strike 1-2: Ball 2-2: Strikes out swinging
|
|
Batting: RHB Daniel Jackson
|
0-0: Ground out 4-3 (Groundball, 4, EV 80.6 MPH)
|
| Bottom of the 4th over - 0 runs, 0 hits, 0 errors, 0 left on base; Connecticut 1 - Aberdeen 0 |
| TOP OF THE 5TH |
|
Connecticut Tigers batting - Pitching for Aberdeen Ironbirds : LHP Jason Williams
|
|
Batting: RHB Jose Evangelista
|
0-0: Foul Ball, location: 2F 0-1: Called Strike 0-2: Ground out 4-3 (Groundball, 4, EV 83.8 MPH)
|
|
Batting: RHB Tony Soto
|
0-0: Ball 1-0: Swinging Strike 1-1: Swinging Strike 1-2: Strikes out looking
|
|
Batting: SHB Shohei Fujii
|
0-0: Swinging Strike 0-1: Ball 1-1: Foul Ball, location: 2F 1-2: Strikes out swinging
|
| Top of the 5th over - 0 runs, 0 hits, 0 errors, 0 left on base; Connecticut 1 - Aberdeen 0 |
| BOTTOM OF THE 5TH |
|
Aberdeen Ironbirds batting - Pitching for Connecticut Tigers : RHP Juan Cornejo
|
|
Batting: RHB Ray Sims
|
0-0: Called Strike 0-1: Ball 1-1: Foul Ball, location: 2F 1-2: Strikes out swinging
|
|
Batting: RHB Hunter Neumann
|
0-0: Ball 1-0: Ball 2-0: Ball 3-0: Called Strike 3-1: Called Strike 3-2: Foul Ball, location: 2F 3-2: Foul Ball, location: 2F 3-2: Strikes out looking
|
|
Batting: LHB Shane Cruse
|
0-0: Ball 1-0: Called Strike 1-1: Foul Ball, location: 2F 1-2: Foul Ball, location: 2F 1-2: Foul Ball, location: 2F 1-2: Strikes out swinging
|
| Bottom of the 5th over - 0 runs, 0 hits, 0 errors, 0 left on base; Connecticut 1 - Aberdeen 0 |
| TOP OF THE 6TH |
|
Connecticut Tigers batting - Pitching for Aberdeen Ironbirds : LHP Jason Williams
|
|
Batting: LHB Jon Frederick
|
0-0: SINGLE (Flyball, 3D, EV 86.2 MPH)
|
|
Batting: RHB Tony Murray
|
Pickoff Throw to First - Out! 1-3 CS 0-0: Called Strike 0-1: Ball 1-1: Ball 2-1: DOUBLE (Line Drive, 89D, EV 109.4 MPH)
|
|
Pitching: RHP Adam Browne
|
|
|
Batting: RHB Jeremiah Washington
|
0-0: Called Strike 0-1: Ball Tony Murray steals 3rd base 1-1: Ground out 6-3 (Groundball, 6S, EV 68.1 MPH)
|
|
Batting: RHB Kevin Steed
|
0-0: Ball 1-0: Foul Ball, location: 2F 1-1: Ball 2-1: Ball 3-1: Swinging Strike 3-2: Foul Ball, location: 2F 3-2: Strikes out looking
|
| Top of the 6th over - 0 runs, 2 hits, 0 errors, 1 left on base; Connecticut 1 - Aberdeen 0 |
| BOTTOM OF THE 6TH |
|
Aberdeen Ironbirds batting - Pitching for Connecticut Tigers : RHP Juan Cornejo
|
|
Pitching: RHP Alex Amparo
|
|
|
Batting: RHB Matt Berrier
|
0-0: Swinging Strike 0-1: Foul Ball, location: 2F 0-2: Ball 1-2: Strikes out swinging
|
|
Batting: RHB Honório Szenes
|
0-0: Ball 1-0: Ball 2-0: Ball 3-0: Base on Balls
|
|
Batting: LHB Miguel Medina
|
0-0: Fly out, F8 (Flyball, 8RXD, EV 95.6 MPH)
|
|
Batting: RHB Tony Godley
|
0-0: Called Strike Honório Szenes steals 2nd base 0-1: Ground out 6-3 (Groundball, 6, EV 87.5 MPH)
|
| Bottom of the 6th over - 0 runs, 0 hits, 0 errors, 1 left on base; Connecticut 1 - Aberdeen 0 |
| TOP OF THE 7TH |
|
Connecticut Tigers batting - Pitching for Aberdeen Ironbirds : RHP Adam Browne
|
|
Batting: LHB Glen Boyle
|
0-0: Ball 1-0: Ground out 1-3 (Groundball, 23, EV 62.5 MPH)
|
|
Batting: RHB Norm Wood
|
0-0: Swinging Strike 0-1: Ball 1-1: Swinging Strike 1-2: Ball 2-2: Strikes out swinging
|
|
Batting: RHB Jose Evangelista
|
0-0: Foul Ball, location: 2F 0-1: Ground out 6-3 (Groundball, 6, EV 85.0 MPH)
|
| Top of the 7th over - 0 runs, 0 hits, 0 errors, 0 left on base; Connecticut 1 - Aberdeen 0 |
| BOTTOM OF THE 7TH |
|
Aberdeen Ironbirds batting - Pitching for Connecticut Tigers : RHP Alex Amparo
|
|
Batting: LHB Adam Oldfield
|
0-0: Ball 1-0: Called Strike 1-1: Ball 2-1: DOUBLE (Flyball, 7LD, EV 96.9 MPH)
|
|
Batting: RHB Daniel Jackson
|
0-0: Ball 1-0: Foul Ball, location: 2F 1-1: Ball 2-1: Foul Ball, location: 2F 2-2: Ball 3-2: Foul Ball, location: 2F 3-2: Base on Balls
|
|
Batting: RHB Ray Sims
|
0-0: Called Strike 0-1: SINGLE (Line Drive, 7LS, EV 97.5 MPH) Adam Oldfield to third Daniel Jackson to second Runner from 3rd tries for Home, SAFE, throw by LF to home
|
|
Pinch Hitting: LHB Tomas de Zeeuw
|
0-0: Ball 1-0: Sac Bunt to 2L - play at first, batter OUT! 2-4 Daniel Jackson to third Ray Sims to second
|
|
Batting: LHB Shane Cruse
|
0-0: Ball 1-0: Called Strike 1-1: Swinging Strike 1-2: Ball 2-2: Ball 3-2: Foul Ball, location: 2F 3-2: Strikes out swinging
|
|
Pinch Hitting: RHB Mike Zepeda
|
0-0: Swinging Strike 0-1: Swinging Strike 0-2: Strikes out looking
|
| Bottom of the 7th over - 1 run, 2 hits, 0 errors, 2 left on base; Connecticut 1 - Aberdeen 1 |
| TOP OF THE 8TH |
|
Connecticut Tigers batting - Pitching for Aberdeen Ironbirds : RHP Adam Browne
|
|
Now at 3B: Ryan Vest
|
|
|
Now in RF: Tomas de Zeeuw
|
|
|
Batting: RHB Tony Soto
|
0-0: Ball 1-0: Foul Ball, location: 2F 1-1: Foul Ball, location: 2F 1-2: Foul Ball, location: 2F 1-2: Fly out, F8 (Flyball, 8LD, EV 92.5 MPH)
|
|
Batting: SHB Shohei Fujii
|
0-0: Ground out U3 (Groundball, 3, EV 89.4 MPH)
|
|
Batting: LHB Jon Frederick
|
0-0: Called Strike 0-1: Ball 1-1: Foul Ball, location: 2F 1-2: Ball 2-2: Strikes out swinging
|
| Top of the 8th over - 0 runs, 0 hits, 0 errors, 0 left on base; Connecticut 1 - Aberdeen 1 |
| BOTTOM OF THE 8TH |
|
Aberdeen Ironbirds batting - Pitching for Connecticut Tigers : RHP Alex Amparo
|
|
Pitching: LHP Jesse Turner
|
|
|
Batting: RHB Honório Szenes
|
0-0: Called Strike 0-1: Called Strike 0-2: Ball 1-2: SINGLE (Groundball, 34, EV 103.1 MPH)
|
|
Batting: LHB Miguel Medina
|
0-0: Ball 1-0: Sac Bunt to P - play at first, batter OUT! 1-3 Honório Szenes to second
|
|
Batting: RHB Tony Godley
|
0-0: Intentional Walk
|
|
Pinch Hitting: RHB Jeremy Sipe
|
0-0: Ball 1-0: Grounds into double play, 1-6-3 (Groundball, 13S, EV 69.4 MPH)
|
| Bottom of the 8th over - 0 runs, 1 hit, 0 errors, 1 left on base; Connecticut 1 - Aberdeen 1 |
| TOP OF THE 9TH |
|
Connecticut Tigers batting - Pitching for Aberdeen Ironbirds : RHP Adam Browne
|
|
Now at 1B: Jeremy Sipe
|
|
|
Pinch Hitting: LHB Jon Pedlar
|
0-0: Foul Ball, location: 2F 0-1: Ball 1-1: Ground out 5-3 (Groundball, 56, EV 83.1 MPH)
|
|
Pinch Hitting: LHB Andy Sanchez
|
0-0: Called Strike 0-1: Foul Ball, location: 2F 0-2: Foul Ball, location: 2F 0-2: Ball 1-2: Foul Ball, location: 2F 1-2: Ball 2-2: Fly out, F8 (Line Drive, 8LM, EV 102.5 MPH)
|
|
Pinch Hitting: LHB Claudio Kamminga
|
0-0: Ball 1-0: Foul Ball, location: 2F 1-1: Foul Ball, location: 2F 1-2: Ground out 5-3 (Groundball, 5, EV 89.4 MPH)
|
| Top of the 9th over - 0 runs, 0 hits, 0 errors, 0 left on base; Connecticut 1 - Aberdeen 1 |
| BOTTOM OF THE 9TH |
|
Aberdeen Ironbirds batting - Pitching for Connecticut Tigers : LHP Jesse Turner
|
|
Now at C: Tokugoro Adachi
|
|
|
Now at 1B: Bobby Adams
|
|
|
Now at 2B: Brandon Everett
|
|
|
Batting: RHB Daniel Jackson
|
0-0: Fly out, F8 (Flyball, 78M, EV 89.4 MPH)
|
|
Batting: RHB Ray Sims
|
0-0: Ground out 5-3 (Groundball, 56, EV 99.4 MPH)
|
|
Pinch Hitting: RHB Danny Baeza
|
0-0: Ball 1-0: Foul Ball, location: 2F 1-1: Swinging Strike 1-2: Foul Ball, location: 2F 1-2: Ground out U3 (Groundball, 34S, EV 81.2 MPH)
|
| Bottom of the 9th over - 0 runs, 0 hits, 0 errors, 0 left on base; Connecticut 1 - Aberdeen 1 |
| TOP OF THE 10TH |
|
Connecticut Tigers batting - Pitching for Aberdeen Ironbirds : RHP Adam Browne
|
|
Pitching: RHP Chris Kimura
|
|
|
Now at 2B: Danny Baeza
|
|
|
Now in RF: Tony Godley
|
|
|
Batting: LHB Glen Boyle
|
0-0: Ball 1-0: Foul Ball, location: 2F 1-1: Foul Ball, location: 2F 1-2: Strikes out swinging
|
|
Pinch Hitting: SHB Julio Ramos
|
0-0: Ball 1-0: Ball 2-0: Called Strike 2-1: Called Strike 2-2: Strikes out looking
|
|
Batting: RHB Jose Evangelista
|
0-0: Called Strike 0-1: Ball 1-1: Foul Ball, location: 2F 1-2: Ball 2-2: Strikes out looking
|
| Top of the 10th over - 0 runs, 0 hits, 0 errors, 0 left on base; Connecticut 1 - Aberdeen 1 |
| BOTTOM OF THE 10TH |
|
Aberdeen Ironbirds batting - Pitching for Connecticut Tigers : LHP Jesse Turner
|
|
Pitching: RHP Kyle Moore
|
|
|
Now at 1B: Julio Ramos
|
|
|
Now at SS: Bobby Adams
|
|
|
Pinch Hitting: RHB Steve Jones
|
0-0: Ball 1-0: Ground out 5-3 (Groundball, 56, EV 81.9 MPH)
|
|
Batting: RHB Ryan Vest
|
0-0: Called Strike 0-1: Ball 1-1: Swinging Strike 1-2: Fly out, F8 (Flyball, 8LM, EV 93.8 MPH)
|
|
Batting: RHB Honório Szenes
|
0-0: Called Strike 0-1: Foul Ball, location: 2F 0-2: Strikes out looking
|
| Bottom of the 10th over - 0 runs, 0 hits, 0 errors, 0 left on base; Connecticut 1 - Aberdeen 1 |
| TOP OF THE 11TH |
|
Connecticut Tigers batting - Pitching for Aberdeen Ironbirds : RHP Chris Kimura
|
|
Now at C: Steve Jones
|
|
|
Batting: RHB Tony Soto
|
0-0: Called Strike 0-1: Ball 1-1: Ball 2-1: SINGLE (Groundball, 6D, EV 96.9 MPH)
|
|
Batting: SHB Shohei Fujii
|
0-0: Called Strike 0-1: Foul Ball, location: 2F 0-2: Ball 1-2: Strikes out swinging
|
|
Pitching: LHP Justin Hinton
|
|
|
Batting: LHB Jon Frederick
|
0-0: Called Strike 0-1: Foul Ball, location: 2F 0-2: Ball 1-2: Fly out, F7 (Flyball, 7D, EV 102.5 MPH) Runner from 1st tags up, SAFE at 2nd
|
|
Pinch Hitting: RHB Joe Zimmerman
|
0-0: Intentional Walk
|
|
Batting: RHB Brandon Everett
|
0-0: Ball 1-0: Ball 2-0: Ground out 5-3 (Groundball, 15, EV 84.4 MPH)
|
| Top of the 11th over - 0 runs, 1 hit, 0 errors, 2 left on base; Connecticut 1 - Aberdeen 1 |
| BOTTOM OF THE 11TH |
|
Aberdeen Ironbirds batting - Pitching for Connecticut Tigers : RHP Kyle Moore
|
|
Now at SS: Billy Verdusco
|
|
|
Batting: LHB Miguel Medina
|
0-0: Hit by Pitch
|
|
Batting: RHB Tony Godley
|
0-0: Fly out, F5 (Line Drive, 56, EV 68.1 MPH)
|
|
Batting: RHB Jeremy Sipe
|
0-0: Ball Miguel Medina is caught stealing 2nd base 2-4 1-0: Ball 2-0: Foul Ball, location: 2F 2-1: Ball 3-1: Base on Balls
|
|
Batting: RHB Daniel Jackson
|
0-0: Swinging Strike 0-1: Ball 1-1: Swinging Strike 1-2: Hit by Pitch Jeremy Sipe to second
|
|
Batting: RHB Ray Sims
|
0-0: Called Strike 0-1: Ball 1-1: Ground out 5-3 (Groundball, 15, EV 86.2 MPH)
|
| Bottom of the 11th over - 0 runs, 0 hits, 0 errors, 2 left on base; Connecticut 1 - Aberdeen 1 |
| TOP OF THE 12TH |
|
Connecticut Tigers batting - Pitching for Aberdeen Ironbirds : LHP Justin Hinton
|
|
Batting: LHB Tokugoro Adachi
|
0-0: Called Strike 0-1: Foul Ball, location: 2F 0-2: Foul Ball, location: 2F 0-2: Ball 1-2: Ball 2-2: Ball 3-2: Strikes out swinging
|
|
Batting: RHB Gerald de Vries
|
0-0: Foul Ball, location: 2F 0-1: Ball 1-1: Ball 2-1: Ball 3-1: Foul Ball, location: 2F 3-2: Foul Ball, location: 2F 3-2: SINGLE (Line Drive, 8RS, EV 90.0 MPH)
|
|
Pinch Hitting: RHB Emil Wilbrink
|
0-0: Ball 1-0: Called Strike 1-1: Fly out, F8 (Flyball, 8RM, EV 91.2 MPH)
|
|
Batting: RHB Jose Evangelista
|
0-0: Called Strike 0-1: Foul Ball, location: 2F 0-2: Ball 1-2: Foul Ball, location: 2F 1-2: Strikes out swinging
|
| Top of the 12th over - 0 runs, 1 hit, 0 errors, 1 left on base; Connecticut 1 - Aberdeen 1 |
| BOTTOM OF THE 12TH |
|
Aberdeen Ironbirds batting - Pitching for Connecticut Tigers : RHP Kyle Moore
|
|
Now at 1B: Willie Cintron
|
|
|
Batting: RHB Danny Baeza
|
0-0: Foul Ball, location: 2F 0-1: Foul Ball, location: 2F 0-2: Ball 1-2: Foul Ball, location: 2F 1-2: SINGLE (Groundball, 6MS, EV 71.2 MPH) (infield hit)
|
|
Pitching: RHP Scott King
|
|
|
Batting: RHB Steve Jones
|
0-0: Called Strike Danny Baeza steals 2nd base 0-1: Ball Danny Baeza is caught stealing 3rd base 2-5 1-1: Foul Ball, location: 2F 1-2: Foul Ball, location: 2F 1-2: Ball 2-2: Strikes out swinging
|
|
Batting: RHB Ryan Vest
|
0-0: Ball 1-0: Ball 2-0: SINGLE (Flyball, 4MD, EV 88.8 MPH)
|
|
Batting: RHB Honório Szenes
|
0-0: 2-RUN HOME RUN (Line Drive, 78XD, EV 116.2 MPH), Distance : 454 ft
|
| Bottom of the 12th over - 2 runs, 3 hits, 0 errors, 0 left on base; Connecticut 1 - Aberdeen 3 |
|